 Dungeon Crawl Stone Soup version 0.20.1-1-g8b1a95d (webtiles) character file.

77 Energizer the Skirmisher (level 4, 0/35 HPs)
             Began as a Demonspawn Chaos Knight on July 31, 2017.
             Slain by an adder (5 damage)
             ... on level 3 of the Dungeon.
             The game lasted 00:03:04 (1847 turns).

Energizer the Skirmisher (Demonspawn Chaos Knight)  Turns: 1847, Time: 00:03:05

Health: 0/35       AC:  4    Str: 12 (13) XL:     4   Next: 13%
Magic:  4/4        EV: 12    Int: 14      God:    Xom [...*..]
Gold:   100        SH:  0    Dex: 14      Spells: 3/3 levels left

rFire    . . .     SeeInvis .   a - +0 falchion (chaos)
rCold    . . .     Gourm    .   (no shield)
rNeg     . . .     Faith    .   b - +2 leather armour
rPois    .         Spirit   .   (helmet restricted)
rElec    .         Reflect  .   (no cloak)
rCorr    .         Harm     .   l - +0 pair of gloves
MR       .....                  (no boots)
Stlth    +.........             (no amulet)
Regen    0.2/turn               (no ring)
MPRegen  0.1/turn               (no ring)

@: lethally poisoned (0 -> -7)
A: antennae 1, agile 1, deformed body, deterioration 1
a: Renounce Religion


You were on level 3 of the Dungeon.
You worshipped Xom.
You were a favourite toy of Xom.
You were not hungry.

You visited 1 branch of the dungeon, and saw 3 of its levels.

You collected 100 gold pieces.

Inventory:

Hand Weapons
 a - a +0 falchion of chaos (weapon)
Armour
 b - a +2 leather armour (worn)
 l - a +0 pair of gloves (worn)
Scrolls
 d - a scroll of remove curse {unknown}
 e - a scroll of fog {unknown}
 h - a scroll of noise {unknown}
 j - a scroll of random uselessness {unknown}
 k - 4 scrolls of identify {unknown}
 o - a scroll of immolation {unknown}
Potions
 i - a potion of haste {unknown}
 m - a potion of might {unknown}
 n - 2 potions of degeneration {unknown}
Comestibles
 c - 3 bread rations
 f - 3 meat rations
 g - 9 chunks of flesh


   Skills:
 + Level 3.5 Fighting
 + Level 3.3 Long Blades
 + Level 2.5 Armour
 + Level 1.6 Dodging


You had 3 spell levels left.
You didn't know any spells.

Dungeon Overview and Level Annotations

Branches:
Dungeon (3/15)

Altars:


Innate Abilities, Weirdness & Mutations

You have a pair of small antennae on your head.
You are agile. (Dex +2)
Armour fits poorly on your strangely shaped body.
Your body sometimes deteriorates upon taking damage.


Message History

You are lethally poisoned!
The adder poisons you!
* * * LOW HITPOINT WARNING * * *
You feel sick.
* * * LOW HITPOINT WARNING * * *
You feel sick. The adder bites you but does no damage.
Things that are here:
a club; a dagger; a club
* * * LOW HITPOINT WARNING * * *
You feel sick.
You barely miss the adder.
The adder is severely wounded.
The adder bites you.
* * * LOW HITPOINT WARNING * * *
You hit the adder.
The adder is poisoned.
The adder is severely wounded.
* * * LOW HITPOINT WARNING * * *
You feel sick. The adder bites you but does no damage. The adder bites you.
You die... "It was about time."

#...... ## )...... #. .....#
########## #.### .....#
#(.......# #...#####.....#
#.)......# #.....%......#
#........######............#
#.............#............#
####.########@#...........(#
#.# #S#...w........# #.#
#....).((..#..># #.#
#########.##..... #.#
.....## .... #.#### ......#
...[ #....# #.####.#...#
####.# .......... ## #.#
.#####..#.#####


You could see an adder.

Vanquished Creatures
  3 adders
  2 dart slugs (D:1)
  3 ball pythons
  A giant cockroach (D:1)
  7 hobgoblins
  4 jackals
  5 kobolds
  A quokka (D:2)
  3 bats
  6 frilled lizards
  6 goblins
  6 rats
47 creatures vanquished.

Notes
Turn   | Place    | Note
-------+----------+-------------------------------------------
     0 | D:1      | Energizer the Demonspawn Chaos Knight began the quest for the Orb.
     0 | D:1      | Reached XP level 1. HP: 18/18 MP: 1/1
   116 | D:1      | Reached skill level 1 in Dodging
   160 | D:1      | Gained mutation: You have a pair of small antennae on your head. [demonic ancestry]
   160 | D:1      | Reached XP level 2. HP: 22/24 MP: 2/2
   187 | D:1      | XOM: silly message
   572 | D:1      | XOM: give mutations
   572 | D:1      | Gained mutation: You are agile. (Dex +2) [Xom's mischief]
   572 | D:1      | Gained mutation: Your body sometimes deteriorates upon taking damage. [Xom's mischief]
   778 | D:1      | XOM: give mutation
   778 | D:1      | Gained mutation: Armour fits poorly on your strangely shaped body. [Xom's mischief]
   893 | D:1      | Reached XP level 3. HP: 29/29 MP: 3/3
  1194 | D:2      | XOM: mild Erth miscast
  1490 | D:2      | Reached XP level 4. HP: 33/35 MP: 4/4
  1821 | D:3      | XOM: harmless Ice miscast
  1847 | D:3      | Slain by an adder

Skill      XL: |  1  2 |
---------------+-------+-----
Dodging        | 1 |  1.6
Long Blades    | 3 |  3.3
Armour         | 2 |  2.5
Fighting       | |  3.5

Action                   |  1- 3 |  4- 6 || total
-------------------------+-------+-------++-------
Melee: Falchion          |    97 |    35 ||   132
 Stab: Confused          |     1 |       ||     1
  Eat: Chunk             |     2 |     1 ||     3
Armor: Leather armour    |    34 |     7 ||    41
Dodge: Dodged            |    53 |    23 ||    76
       Rpst.: Falchion   |    15 |     6 ||    21
